Workbook

Sheet SUMMARY
B1: HINAVAAGE | C1: SUMMARY
A3: Project: Single Story Building
A5: SUMMARY OF BILLS OF QUANTITIES
A8: SL.NO | B8: BILL NAME | C8: AMOUNT (MRF)
A9: 1 ) | B9: TOTAL OF BILL NO. 01 (PRELIMINARIES) | C9: =BOQ!F24 -> 0
A10: 2 ) | B10: TOTAL OF BILL NO. 02 (GROUND WORKS) | C10: =BOQ!F37 -> 0
A11: 3 ) | B11: TOTAL OF BILL NO. 03 (CONCRETE WORKS) | C11: =BOQ!F108 -> 0
A12: 4 ) | B12: TOTAL OF BILL NO. 04 (MASONRY & PLASTERING WORKS) | C12: =BOQ!F136 -> 0
A13: 5 ) | B13: TOTAL OF BILL NO. 05 (CEILING WORKS) | C13: =BOQ!F146 -> 0
A14: 6 ) | B14: TOTAL OF BILL NO. 06 (FINISHING WORKS) | C14: =BOQ!F160 -> 0
A15: 7 ) | B15: TOTAL OF BILL NO. 07 (PAINTING WORKS) | C15: =BOQ!F179 -> 0
A16: 8 ) | B16: TOTAL OF BILL NO. 08 (DOORS & WINDOWS WORKS) | C16: =BOQ!F193 -> 0
A17: 9 ) | B17: TOTAL OF BILL NO. 09 (METAL WORKS) | C17: =BOQ!F213 -> 0
A18: 10) | B18: TOTAL OF BILL NO. 10 (PLUMBING SEWERAGE & DRAINAGE SYSTEM) | C18: =BOQ!F237 -> 0
A19: 11) | B19: TOTAL OF BILL NO. 11 (ELECTRICAL INSTALLATIONS) | C19: =BOQ!F288 -> 0
A20: 12) | B20: ADDITION | C20: -
A21: 13) | B21: OMMISION | C21: -
A22: TOTAL AMOUNT (MVR) | C22: =SUM(C9:C21) -> 0
A23: GST (8%) | C23: =C22*0.08 -> 0
A24: TOTAL AMOUNT (MVR) INCLUDING GST | C24: =C22+C23 -> 0
A26: TOTAL AMOUNT (MVR) | G26: =SUM(G8:I23) -> 0
A27: GST (8%) | G27: =G26*0.08 -> 0
A28: TOTAL AMOUNT (MVR) INCLUDING GST | G28: =G26+G27 -> 0

Sheet BOQ
A1: SL.NO | B1: DESCRIPTION | C1: UNIT | D1: QTY | E1: RATE | F1: TOTAL AMOUNT
B2: Bill No: 01
B3: PRELIMINARIES
A4: 1.1 | B4: GENERAL NOTES
B5: Abbreviations
B6: m - meter
B7: Nr - numbers
B8: m3 - cubic meter
B9: m2 - square meter
B10: Rmtr - Linear meter
B11: kg - kilograms
A12: 1.2 | B12: SITE MANAGEMENT COST
B13: (a) Design of and location of temporary facilities shall be approved from the Consultant prior to erection.
B14: (b) Rate shall include for protection of temporary facilities from inclement weather, carelessness or lack of skilled workmanship
B15: (c) Rates shall include for demolition, dismantling and clearing of all temporary facilities on and under ground as directed by the Consultant
B16: (d) Site management costs shall not be considered in any variations approved during the entire project duration.
A17: 1 ) | B17: Allow for all on and off site management costs including costs of foreman, erection of temporary buildings and services, maintenance, telephone, fax, hoardings, fences and similar | C17: item | D17: 1
A18: 1.3 | B18: SIGN BOARD
B19: (a) Rate shall include for fabrication, erection, maintenance and removal upon completion of the project.
B20: (b) A scaled layout shall be submitted for the Consultant's approval before fabrication
A21: 1 ) | B21: Allow for a sign board of not less than 2m x 2m | C21: nr | D21: 1
A22: 1.4 | B22: CLEAN - UP
A23: 1 ) | B23: Allow for clean-up of completed works and site | C23: item | D23: 1
A24: TOTAL OF BILL NO. 01 (PRELIMINARIES)
A25: (CARRIED OVER TO THE GENERAL SUMMARY)
B26: Bill No: 02
B27: GROUND WORKS
A28: 2.1 | B28: GENERAL NOTES:
B29: (a) Rates shall include for: leveling, grading, trimming, compacting to faces of excavation, keep sides plumb, backfilling, consolidating in layers and disposing surplus soil
A30: 2.3 | B30: SITE CLEARING | C30: item | D30: 1
B31: Clear the area of site from rubbish and vegetable matters, stumps, roots.
B32: Demolition shall be included (if any)
A33: 2.4 | B33: EXCAVATION | C33: m3 | D33: =Sheet4!I5 -> 6.358625
B34: Allow for equipment, machinery and excavation with disposal of excavated materials.
A35: 2.5 | B35: BACKFILL | C35: m3 | D35: =Sheet4!I13 -> 3.913
B36: Allow for filling of good quality material, free from garbage, spoiled soil, boulders. Filling to be done in layers to provide require compaction. Precaution to be taken while compaction for the sub-structure and any service pipe lines or cables underneath.
A37: TOTAL OF BILL NO. 02 (GROUND WORKS)
A38: (CARRIED OVER TO THE GENERAL SUMMARY)
B39: Bill No: 03
B40: CONCRETE WORKS
A41: 3 | B41: GENERAL NOTES:
B42: (a) Rates shall include for placing in position, making good after removal of formwork and casting in all required items; additional concrete required to conform to structural and excavated tolerances
B43: (b) Mix ratio for reinforced concrete shall be 1:2:3 and lean concrete shall be 1:3:6 by volume unless otherwise stated
B44: (c) Quantities are measured to the edges of concrete members. Rates shall include for any additional concrete required to place the formwork
B45: (d) Materials shall be transported, handled and stored on the site or elsewhere in such a manner to prevent damage, deterioration or contamination.
A46: 3.1 | B46: Lean concrete
B47: a) Quantity measured to the edges of concrete foundation members. Rate shall be inclusive for any additional concrete required to place the formwork.
A48: 1) | B48: 50mm thick lean concrete to the bottom of Footing &Beam. | C48: m3 | D48: =Sheet4!I16+Sheet4!I19 -> 0.489125
A49: 3.2 | B49: Reinforced Concrete
B50: In-situ reinforced concrete to:
B51: *Add water proofing compound / admixture to concrete mix for walls GL and Roof Slabs
A52: 3.2.01 | B52: Foundation
A53: 1) | B53: RCC in foundation beams | C53: m3 | D53: =Sheet4!I22 -> 2.445625
A54: 2) | B54: RCC in below ground columns | C54: m3 | D54: =Sheet4!I30 -> 0.072
A56: 3.2.02 | B56: Ground floor
A57: 1) | B57: 150 mm thick on grade slab on compacted fill | C57: m3 | D57: =Sheet4!I34 -> 5.85
A58: 2) | B58: RCC in columns | C58: m3 | D58: =Sheet4!I38 -> 0.54
A59: 3) | B59: RCC in Roofbeams | C59: m3 | D59: =Sheet4!I43 -> 1.575
A60: 4) | B60: RCC in Hinavaa slab | C60: m3 | D60: 0.55
A63: 3.3 | B63: Formwork
B64: a) Rates shall include for: all necessary boarding, supports, erecting, framing, temporary cambering, cutting, perforations for reinforcing bars, bolts, straps, ties, hangers, pipes, removal of formwork and normal practices used.
A65: 3.3.01 | B65: Foundation
A66: 1 ) | B66: Foundation beams | C66: m2 | D66: =Sheet4!I54 -> 19.565
A67: 2) | B67: Below ground columns | C67: m2 | D67: =Sheet4!I58 -> 1.92
A68: 3.3.02 | B68: Ground floor
A69: 1 ) | B69: 150mm thick on grade slab | C69: m2 | D69: =Sheet4!I63 -> 4.125
A70: 2) | B70: Columns | C70: m2 | D70: =Sheet4!I67 -> 14.4
A71: 3) | B71: Staircase | C71: m2 | D71: 15.4
A72: 4) | B72: Roof beams | C72: m2 | D72: =Sheet4!I73 -> 25.5
A73: 4) | B73: RCC in Hinavaa slab | C73: m3 | D73: 4.65
A75: 3.4 | B75: Reinforcement
B76: a) Rates shall include for: cleaning, fabrication, placing, the provision for all necessary temporary fixings and supports including tie wire and chair supports, laps, and wastages.
A78: 1) | B78: Foundation Beam
B79: 12mm dia bars | C79: kg | D79: =Sheet2!I10 -> 305.77747
B80: 6mm dia bars | C80: kg | D80: =Sheet2!G10 -> 95.238
A82: 2) | B82: Columns
B83: 12mm dia bars in below ground columns | C83: kg | D83: =Sheet2!I20 -> 31.2576
B84: 6mm dia bars in below ground columns | C84: kg | D84: =Sheet2!G20 -> 4.68864
A87: 3.4.02 | B87: Ground floor
A88: 1) | B88: 150 mm thick on-grade slab | C88: kg | D88: =Sheet2!G30 -> 115.44
B89: R6 @150 c/c steel mash
A91: 2) | B91: Columns
B92: 12mm dia bars | C92: kg | D92: =Sheet2!I39 -> 93.7728
B93: 6mm dia bars | C93: kg | D93: =Sheet2!G39 -> 23.4432
A95: 3) | B95: Roof beams
B96: 10mm dia bars | C96: kg | D96: =Sheet2!H51 -> 80.52
B97: 6mm dia bars | C97: kg | D97: =Sheet2!G51 -> 65.934
A98: 4) | B98: Hinavaa slab
B99: 10mm dia bars | C99: kg | D99: =Sheet2!H60 -> 40.722
A101: 3.5 | B101: Dampproof membrane
B102: a) Dampproof membrane to all surfaces of concrete below ground level
A103: 1) | B103: Polythyn dampproof membrane | C103: m2 | D103: 39
A105: 3.6 | B105: Water proofing
B106: a) Rates shall include for: dress around and sealing to all penetrations.
A107: 1) | B107: RC Lintel & Balcony Wall | C107: Item | D107: 1
A108: TOTAL OF BILL NO. 03 (CONCRETE WORKS)
A109: (CARRIED OVER TO THE GENERAL SUMMARY)
B110: BILL No: 04
B111: MASONRY AND PLASTERING
A112: 4.1 | B112: GENERAL
...

Sheet Sheet4
A1: Concrete-worck
A2: SL.NO | B2: Description | C2: NO | F2: L | G2: B/H | H2: D | I2: QTY | J2: UNT
A3: 1 | B3: Earth work Footing
B4: FOUNDATION | C4: 1 | D4: x | E4: 1 | F4: 39.13 | G4: 0.25 | H4: 0.65 | I4: =C4*E4*F4*G4*H4 -> 6.358625
B5: Total | I5: =SUM(I4:I4) -> 6.358625 | J5: M3
A6: 3 | B6: Earth work Foundation Beam
B7: FOUNDATION
B8: Total | I8: =SUM(I7:I7) -> 0 | J8: M3 | L8: =I5+I8 -> 6.358625
A9: 1 | B9: Back filling
I10: =I5 -> 6.358625
I11: =I8 -> 0
I12: =-I22 -> -2.445625
B13: Total | I13: =SUM(I10:I12) -> 3.913 | J13: M3
A14: 1 | B14: 50mm thick Footing
B15: FOUNDATION | C15: 1 | D15: x | E15: 1 | F15: 39.13 | G15: 0.25 | H15: 0.05 | I15: =C15*E15*F15*G15*H15 -> 0.489125
B16: Total | I16: =SUM(I15:I15) -> 0.489125 | J16: M3
A17: 3 | B17: Earth work Foundation Beam
B19: Total | I19: =SUM(I18:I18) -> 0 | J19: M3 | L19: =I16+I19 -> 0.489125
A20: 2 | B20: Footing Concrete
B21: FOUNDATION | C21: 1 | D21: x | E21: 1 | F21: 39.13 | G21: 0.25 | H21: 0.25 | I21: =C21*E21*F21*G21*H21 -> 2.445625
B22: Total | I22: =SUM(I21:I21) -> 2.445625 | J22: M3
A24: 3 | B24: Foundation Beam
B26: Total | I26: =SUM(I25:I25) -> 0 | J26: M3
A28: 4 | B28: Column Concrete
B29: C1 | C29: 1 | D29: x | E29: 8 | F29: 0.15 | G29: 0.15 | H29: 0.4 | I29: =C29*E29*F29*G29*H29 -> 0.072
B30: Total | I30: =SUM(I29:I29) -> 0.072 | J30: M3
A32: 5 | B32: 150 mm thick Ground slab
C33: 1 | D33: x | E33: 1 | F33: 9.75 | G33: 4 | H33: 0.15 | I33: =C33*E33*F33*G33*H33 -> 5.85 | M33: =F33*G33 -> 39 | O33: =C33*E33*F33*G33 -> 39
B34: Total | I34: =SUM(I33:I33) -> 5.85 | J34: M3 | O34: =SUM(O33:O33) -> 39
M35: =F33*G33 -> 39
A36: 4 | B36: Column Concrete
B37: C1 | C37: 1 | D37: x | E37: 8 | F37: 0.15 | G37: 0.15 | H37: 3 | I37: =C37*E37*F37*G37*H37 -> 0.54
B38: Total | I38: =SUM(I37:I37) -> 0.54 | J38: M3
A41: 8 | B41: First Floor Beam
B42: B1 | C42: 1 | D42: x | E42: 1 | F42: 30 | G42: 0.15 | H42: 0.35 | I42: =C42*E42*F42*G42*H42 -> 1.575
B43: Total | I43: =SUM(I42:I42) -> 1.575 | J43: M3
A44: 8 | B44: First Floor Slab
C45: 1 | D45: x | E45: 2 | F45: 1.8 | G45: 5 | H45: 0.13 | I45: =C45*E45*F45*G45*H45 -> 2.34
B46: Total | I46: =SUM(I45:I45) -> 2.34 | J46: M3
A49: From-worck
A50: SL.NO | B50: Description | C50: NO | F50: L | G50: B/H | H50: D | I50: QTY | J50: UNT
A51: 2 | B51: Footing Concrete
A52: 2 | B52: Footing Concrete
B53: FOUNDATION | C53: 1 | D53: x | E53: 2 | F53: 39.13 | G53: 0.25 | I53: =C53*E53*F53*G52:G53 -> 19.565
B54: Total | I54: =SUM(I53:I53) -> 19.565 | J54: M3
A56: 4 | B56: Column Concrete
B57: C1 | C57: 4 | D57: x | E57: 8 | F57: 0.15 | G57: 0.4 | I57: =C57*E57*F57*G56:G57 -> 1.92
B58: Total | I58: =SUM(I57:I57) -> 1.92 | J58: M3
A60: 5 | B60: 150 mm thick Ground slab
C61: 1 | D61: x | E61: 2 | F61: 9.75 | G61: 0.15 | I61: =C61*E61*F61*G60:G61 -> 2.925 | M61: =F61*G61 -> 1.4625 | O61: =C61*E61*F61*G61 -> 2.925
C62: 1 | D62: x | E62: 2 | F62: 4 | G62: 0.15 | I62: =C62*E62*F62*G61:G62 -> 1.2 | M62: =F62*G62 -> 0.6 | O62: =C62*E62*F62*G62 -> 1.2
B63: Total | I63: =SUM(I61:I62) -> 4.125 | J63: M3 | O63: =SUM(O61:O61) -> 2.925
M64: =F61*G61 -> 1.4625
A65: 4 | B65: Column Concrete
B66: C1 | C66: 4 | D66: x | E66: 8 | F66: 0.15 | G66: 3 | I66: =C66*E66*F66*G65:G66 -> 14.4
B67: Total | I67: =SUM(I66:I66) -> 14.4 | J67: M3
A70: 8 | B70: First Floor Beam
B71: B1 | C71: 1 | D71: x | E71: 1 | F71: 30 | G71: 0.15 | I71: =C71*E71*F71*G70:G71 -> 4.5
B72: B1 | C72: 1 | D72: x | E72: 2 | F72: 30 | G72: 0.35 | I72: =C72*E72*F72*G71:G72 -> 21
B73: Total | I73: =SUM(I71:I72) -> 25.5 | J73: M3
C90: 1 | D90: x | E90: 2 | F90: 9.8 | G90: 0.15 | I90: =C90*E90*F90*G90 -> 2.94 | M90: =F90*G90 -> 1.47 | O90: =C90*E90*F90*G90 -> 2.94
B91: Total | I91: =SUM(I89:I90) -> 2.94 | J91: M3 | O91: =SUM(O89:O89) -> 0
M92: =F89*G89 -> 0
A93: 4 | B93: Column Concrete
B94: C1 | C94: 4 | D94: x | E94: 24 | F94: 0.2 | G94: 3 | I94: =C94*E94*F94*G94 -> 57.6
B95: Total | I95: =SUM(I94:I94) -> 57.6 | J95: M3
A98: 8 | B98: First Floor Beam
B99: B1 | C99: 1 | D99: x | E99: 1 | F99: 42 | G99: 0.2 | I99: =C99*E99*F99*G99 -> 8.4
B100: B2 | C100: 1 | D100: x | E100: 1 | F100: 18.14 | G100: 0.2 | I100: =C100*E100*F100*G100 -> 3.628
B101: B3 | C101: 1 | D101: x | E101: 1 | F101: 63.64 | G101: 0.2 | I101: =C101*E101*F101*G101 -> 12.728
B102: B4 | C102: 1 | D102: x | E102: 1 | F102: 7.4 | G102: 0.2 | I102: =C102*E102*F102*G102 -> 1.48
B103: B1 | C103: 1 | D103: x | E103: 2 | F103: 42 | G103: 0.35 | I103: =C103*E103*F103*G103 -> 29.4
B104: B2 | C104: 1 | D104: x | E104: 2 | F104: 18.14 | G104: 0.35 | I104: =C104*E104*F104*G104 -> 12.698
B105: B3 | C105: 1 | D105: x | E105: 2 | F105: 63.64 | G105: 0.35 | I105: =C105*E105*F105*G105 -> 44.548
B106: B4 | C106: 1 | D106: x | E106: 2 | F106: 7.4 | G106: 0.35 | I106: =C106*E106*F106*G106 -> 5.18
B107: Total | I107: =SUM(I99:I106) -> 118.062 | J107: M3
A108: 8 | B108: First Floor Slab
C109: 1 | D109: x | E109: 2 | F109: 1.8 | G109: 5 | I109: =C109*E109*F109*G109 -> 18
B110: Total | I110: =SUM(I109:I109) -> 18 | J110: M3
A111: 8 | B111: StairCase-2
C112: 1 | D112: x | E112: 18 | F112: 0.75 | G112: 0.3 | H112: 0.17 | I112: =C112*E112*F112*G112*H112 -> 0.6885
C113: 1 | D113: x | E113: 1 | F113: 3 | G113: 1.4 | H113: 0.15 | I113: =C113*E113*F113*G113*H113 -> 0.63
C114: 1 | D114: x | E114: 1 | F114: 1.4 | G114: 1.4 | H114: 0.15 | I114: =C114*E114*F114*G114*H114 -> 0.294
B115: Total | I115: =SUM(I111:I114) -> 1.6125 | J115: M3
B116: FIRST FLOOR
A117: 4 | B117: Column Concrete
B118: C1 | C118: 4 | D118: x | E118: 24 | F118: 0.2 | G118: 3 | I118: =C118*E118*F118*G118 -> 57.6
B119: Total | I119: =SUM(I118:I118) -> 57.6 | J119: M3
A122: 8 | B122: First Floor Beam
B123: B1 | C123: 1 | D123: x | E123: 1 | F123: 131 | G123: 0.2 | I123: =C123*E123*F123*G123 -> 26.2
B124: B1 | C124: 1 | D124: x | E124: 2 | F124: 131 | G124: 0.4 | I124: =C124*E124*F124*G124 -> 104.8
B125: Total | I125: =SUM(I123:I124) -> 131 | J125: M3
A138: 4 | B138: Column Concrete
B139: C1 | C139: 2 | D139: x | E139: 3 | F139: 0.225 | G139: 0.45 | I139: =C139*E139*F139*G139 -> 0.6075
B140: C2 | C140: 2 | D140: x | E140: 5 | F140: 0.2 | G140: 0.45 | I140: =C140*E140*F140*G140 -> 0.9
B141: C1 | C141: 2 | D141: x | E141: 3 | F141: 0.45 | G141: 0.45 | I141: =C141*E141*F141*G141 -> 1.215
B142: C2 | C142: 2 | D142: x | E142: 5 | F142: 0.4 | G142: 0.45 | I142: =C142*E142*F142*G142 -> 1.8
B143: Total | I143: =SUM(I139:I142) -> 4.5225 | J143: M3
A145: 5 | B145: Lift wall
C146: 2 | D146: x | E146: 2 | F146: 2.14 | G146: 0.65 | I146: =C146*E146*F146*G146 -> 5.564 | M146: =F146*G146 -> 1.391 | O146: =C146*E146*F146*G146 -> 5.564
...

Sheet Sheet2
A1: Nolhivaram -Site
A2: SL.NO | B2: Description | C2: NO | F2: L | G2: 6mm | H2: 10mm | I2: 12mm | J2: 16mm | K2: 20mm | L2: 25mm
A3: 1 | B3: Footing
B4: ST1- | C4: 1 | D4: x | E4: 8 | F4: 39.13 | I4: =C4*E4*F4 -> 313.04
C5: 1 | D5: x | E5: 390 | F5: 1 | G5: =C5*E5*F5 -> 390
G6: =SUM(G3:G5) -> 390 | H6: =SUM(H4:H5) -> 0 | I6: =SUM(I3:I5) -> 313.04 | J6: =SUM(J3:J5) -> 0 | K6: =SUM(K3:K5) -> 0 | L6: =SUM(L3:L5) -> 0
B7: Extra 10% | G7: =G6*0.1 -> 39 | H7: =H6*0.1 -> 0 | I7: =I6*0.1 -> 31.304 | J7: =J6*0.1 -> 0 | K7: =K6*0.1 -> 0 | L7: =L6*0.1 -> 0
G8: =SUM(G6:G7) -> 429 | H8: =SUM(H6:H7) -> 0 | I8: =SUM(I6:I7) -> 344.344 | J8: =SUM(J6:J7) -> 0 | K8: =SUM(K6:K7) -> 0 | L8: =SUM(L6:L7) -> 0 | N8: =J4+J5 -> 0
B9: Kg | G9: 0.222 | H9: 0.617 | I9: 0.888 | J9: 1.58 | K9: 2.46 | L9: =L8/6 -> 0 | N9: =N8*0.1 -> 0
B10: Total | G10: =G8*G9 -> 95.238 | H10: =H8*H9 -> 0 | I10: =I8*I9 -> 305.77747 | J10: =J8*J9 -> 0 | K10: =K8*K9 -> 0 | N10: =N8+N9 -> 0
N11: =N10*1.58 -> 0
A13: 3 | B13: Column
B14: C1 | C14: 8 | D14: x | E14: 4 | F14: 1 | I14: =C14*E14*F14 -> 32
C15: 8 | D15: x | E15: 4 | F15: 0.6 | G15: =C15*E15*F15 -> 19.2
G16: =SUM(G14:G15) -> 19.2 | H16: =SUM(H14:H15) -> 0 | I16: =SUM(I14:I15) -> 32 | J16: =SUM(J14:J15) -> 0 | K16: =SUM(K14:K15) -> 0 | L16: =SUM(L14:L15) -> 0
B17: Extra 10% | G17: =G16*0.1 -> 1.92 | H17: =H16*0.1 -> 0 | I17: =I16*0.1 -> 3.2 | J17: =J16*0.1 -> 0 | K17: =K16*0.1 -> 0 | L17: =L16*0.1 -> 0
G18: =SUM(G16:G17) -> 21.12 | H18: =SUM(H16:H17) -> 0 | I18: =SUM(I16:I17) -> 35.2 | J18: =SUM(J16:J17) -> 0 | K18: =SUM(K16:K17) -> 0 | L18: =SUM(L16:L17) -> 0
B19: Kg | G19: 0.222 | H19: =H18/6 -> 0 | I19: 0.888 | J19: 1.58 | K19: 2.46 | L19: =L18/6 -> 0
B20: Total | G20: =G18*G19 -> 4.68864 | I20: =I18*I19 -> 31.2576 | J20: =J18*J19 -> 0 | K20: =K18*K19 -> 0
A23: 4 | B23: Ground Slab
B24: TB | C24: 1 | D24: x | E24: =F25/0.15 -> 26.666667 | F24: 9.75 | G24: =C24*E24*F24 -> 260
B25: TB | C25: 1 | D25: x | E25: =F24/0.15 -> 65 | F25: 4 | G25: =C25*E25*F25 -> 260
G26: =G24+G25 -> 520 | H26: =SUM(H24:H25) -> 0 | I26: =SUM(I23:I24) -> 0 | J26: =SUM(J23:J24) -> 0 | K26: =SUM(K23:K24) -> 0 | L26: =SUM(L23:L24) -> 0
B27: Extra 10% | G27: =G26*0.1 -> 52 | H27: =H26*0.1 -> 0 | I27: =I26*0.1 -> 0 | J27: =J26*0.1 -> 0 | K27: =K26*0.1 -> 0 | L27: =L26*0.1 -> 0
G28: =SUM(G24:G25) -> 520 | H28: =SUM(H26:H27) -> 0 | I28: =SUM(I26:I27) -> 0 | J28: =SUM(J26:J27) -> 0 | K28: =SUM(K26:K27) -> 0 | L28: =SUM(L26:L27) -> 0
B29: Kg | G29: 0.222 | H29: 0.617 | I29: 0.888 | J29: 1.58 | K29: =K28/6 -> 0 | L29: =L28/6 -> 0
B30: Total | G30: =G28*G29 -> 115.44 | H30: =H28*H29 -> 0 | I30: =I28*I29 -> 0 | J30: =J28*J29 -> 0
A32: 3 | B32: Column
B33: C1 | C33: 8 | D33: x | E33: 4 | F33: 3 | I33: =C33*E33*F33 -> 96
C34: 8 | D34: x | E34: 20 | F34: 0.6 | G34: =C34*E34*F34 -> 96
G35: =SUM(G33:G34) -> 96 | H35: =SUM(H33:H34) -> 0 | I35: =SUM(I33:I34) -> 96 | J35: =SUM(J33:J34) -> 0 | K35: =SUM(K33:K34) -> 0 | L35: =SUM(L33:L34) -> 0
B36: Extra 10% | G36: =G35*0.1 -> 9.6 | H36: =H35*0.1 -> 0 | I36: =I35*0.1 -> 9.6 | J36: =J35*0.1 -> 0 | K36: =K35*0.1 -> 0 | L36: =L35*0.1 -> 0
G37: =SUM(G35:G36) -> 105.6 | H37: =SUM(H35:H36) -> 0 | I37: =SUM(I35:I36) -> 105.6 | J37: =SUM(J35:J36) -> 0 | K37: =SUM(K35:K36) -> 0 | L37: =SUM(L35:L36) -> 0
B38: Kg | G38: 0.222 | H38: =H37/6 -> 0 | I38: 0.888 | J38: 1.58 | K38: 2.46 | L38: =L37/6 -> 0
B39: Total | G39: =G37*G38 -> 23.4432 | I39: =I37*I38 -> 93.7728 | J39: =J37*J38 -> 0 | K39: =K37*K38 -> 0
A42: Nolhivaram -Site
A43: SL.NO | B43: Description | C43: NO | F43: L | G43: 6mm | H43: 10mm | I43: 12mm | J43: 16mm | K43: 20mm | L43: 25mm
A44: 1 | B44: Beam Concrete 1st Slab
B45: B1 | C45: 1 | D45: x | E45: 4 | F45: 30 | H45: =C45*E45*F45 -> 120
C46: 1 | D46: x | E46: 300 | F46: 0.9 | G46: =C46*E46*F46 -> 270
G47: =SUM(G45:G46) -> 270 | H47: =SUM(H45:H46) -> 120 | I47: =SUM(I45:I46) -> 0 | J47: =SUM(J45:J46) -> 0 | K47: =SUM(K45:K46) -> 0 | L47: =SUM(L45:L46) -> 0
B48: Extra 10% | G48: =G47*0.1 -> 27 | H48: =H47*0.1 -> 12 | I48: =I47*0.1 -> 0 | J48: =J47*0.1 -> 0 | K48: =K47*0.1 -> 0 | L48: =L47*0.1 -> 0
G49: =SUM(G47:G48) -> 297 | H49: =SUM(H47:H48) -> 132 | I49: =SUM(I47:I48) -> 0 | J49: =SUM(J47:J48) -> 0 | K49: =SUM(K47:K48) -> 0 | L49: =SUM(L47:L48) -> 0
B50: Kg | G50: 0.222 | H50: 0.61 | I50: 0.888 | J50: 1.58 | K50: 2.46 | L50: =L49/6 -> 0
B51: Total | G51: =G49*G50 -> 65.934 | H51: =H49*H50 -> 80.52 | I51: =I49*I50 -> 0 | J51: =J49*J50 -> 0 | K51: =K49*K50 -> 0
A53: 4 | B53: Ground Slab
B54: TB | C54: 1 | D54: x | E54: =F55/0.15 -> 20 | F54: 1.5 | H54: =C54*E54*F54 -> 30
B55: TB | C55: 1 | D55: x | E55: =F54/0.15 -> 10 | F55: 3 | H55: =C55*E55*F55 -> 30
G56: =G54+G55 -> 0 | H56: =SUM(H54:H55) -> 60 | I56: =SUM(I53:I54) -> 0 | J56: =SUM(J53:J54) -> 0 | K56: =SUM(K53:K54) -> 0 | L56: =SUM(L53:L54) -> 0
B57: Extra 10% | G57: =G56*0.1 -> 0 | H57: =H56*0.1 -> 6 | I57: =I56*0.1 -> 0 | J57: =J56*0.1 -> 0 | K57: =K56*0.1 -> 0 | L57: =L56*0.1 -> 0
G58: =SUM(G54:G55) -> 0 | H58: =SUM(H56:H57) -> 66 | I58: =SUM(I56:I57) -> 0 | J58: =SUM(J56:J57) -> 0 | K58: =SUM(K56:K57) -> 0 | L58: =SUM(L56:L57) -> 0
B59: Kg | G59: 0.222 | H59: 0.617 | I59: 0.888 | J59: 1.58 | K59: =K58/6 -> 0 | L59: =L58/6 -> 0
B60: Total | G60: =G58*G59 -> 0 | H60: =H58*H59 -> 40.722 | I60: =I58*I59 -> 0 | J60: =J58*J59 -> 0
A69: 4 | B69: Slab
C70: 2 | D70: x | E70: =F71/0.15 -> 33.333333 | F70: 2 | H70: =C70*E70*F70 -> 133.33333
C71: 2 | D71: x | E71: =F70/0.15 -> 13.333333 | F71: 5 | H71: =C71*E71*F71 -> 133.33333
G72: =G70+G71 -> 0 | H72: =SUM(H70:H71) -> 266.66667 | I72: =SUM(I69:I70) -> 0 | J72: =SUM(J69:J70) -> 0 | K72: =SUM(K69:K70) -> 0 | L72: =SUM(L69:L70) -> 0
B73: Extra 10% | G73: =G72*0.1 -> 0 | H73: =H72*0.1 -> 26.666667 | I73: =I72*0.1 -> 0 | J73: =J72*0.1 -> 0 | K73: =K72*0.1 -> 0 | L73: =L72*0.1 -> 0
G74: =SUM(G70:G71) -> 0 | H74: =SUM(H72:H73) -> 293.33333 | I74: =SUM(I72:I73) -> 0 | J74: =SUM(J72:J73) -> 0 | K74: =SUM(K72:K73) -> 0 | L74: =SUM(L72:L73) -> 0
B75: Kg | G75: 0.222 | H75: 0.617 | I75: 0.888 | J75: 1.58 | K75: =K74/6 -> 0 | L75: =L74/6 -> 0
B76: Total | G76: =G74*G75 -> 0 | H76: =H74*H75 -> 180.98667 | I76: =I74*I75 -> 0 | J76: =J74*J75 -> 0
B77: 1&2ND Floor
A78: 3 | B78: Column
B79: C1 | C79: 24 | D79: x | E79: 4 | F79: 3 | I79: =C79*E79*F79 -> 288
C80: 24 | D80: x | E80: 10 | F80: 0.8 | G80: =C80*E80*F80 -> 192
B81: Extra 10% | G81: =SUM(G79:G80) -> 192 | H81: =SUM(H79:H80) -> 0 | I81: =SUM(I79:I80) -> 288 | J81: =SUM(J79:J80) -> 0 | K81: =SUM(K79:K80) -> 0 | L81: =SUM(L79:L80) -> 0
G82: =SUM(G81:G81) -> 192 | H82: =SUM(H81:H81) -> 0 | I82: =SUM(I81:I81) -> 288 | J82: =SUM(J81:J81) -> 0 | K82: =SUM(K81:K81) -> 0 | L82: =SUM(L81:L81) -> 0
B83: Kg | G83: 0.222 | H83: =H82/6 -> 0 | I83: 0.888 | J83: 1.58 | K83: 2.46 | L83: =L82/6 -> 0
B84: Total | G84: =G82*G83 -> 42.624 | I84: =I82*I83 -> 255.744 | J84: =J82*J83 -> 0 | K84: =K82*K83 -> 0
A87: SL.NO | B87: Description | C87: NO | F87: L | G87: 6mm | H87: 10mm | I87: 12mm | J87: 16mm | K87: 20mm | L87: 25mm
A88: 1 | B88: Beam Concrete 1st Slab
B89: B1 | C89: 1 | D89: x | E89: 6 | F89: 131 | I89: =C89*E89*F89 -> 786
C90: 2 | D90: x | E90: =F89/0.15 -> 873.33333 | F90: 1.2 | G90: =C90*E90*F90 -> 2096
G92: =SUM(G89:G91) -> 2096 | H92: =SUM(H89:H91) -> 0 | I92: =SUM(I89:I91) -> 786 | J92: =SUM(J89:J91) -> 0 | K92: =SUM(K89:K91) -> 0 | L92: =SUM(L89:L91) -> 0
B93: Extra 10% | G93: =G92*0.1 -> 209.6 | H93: =H92*0.1 -> 0 | I93: =I92*0.1 -> 78.6 | J93: =J92*0.1 -> 0 | K93: =K92*0.1 -> 0 | L93: =L92*0.1 -> 0
G94: =SUM(G92:G93) -> 2305.6 | H94: =SUM(H92:H93) -> 0 | I94: =SUM(I92:I93) -> 864.6 | J94: =SUM(J92:J93) -> 0 | K94: =SUM(K92:K93) -> 0 | L94: =SUM(L92:L93) -> 0
B95: Kg | G95: 0.222 | H95: 0.61 | I95: 0.888 | J95: 1.58 | K95: 2.46 | L95: =L94/6 -> 0
B96: Total | G96: =G94*G95 -> 511.8432 | H96: =H94*H95 -> 0 | I96: =I94*I95 -> 767.7648 | J96: =J94*J95 -> 0 | K96: =K94*K95 -> 0
A109: 4 | B109: Slab
C110: 1 | D110: x | E110: =F111/0.15 -> 52 | F110: 7.12 | H110: =C110*E110*F110 -> 370.24
C111: 1 | D111: x | E111: =F110/0.15 -> 47.466667 | F111: 7.8 | H111: =C111*E111*F111 -> 370.24
C112: 1 | D112: x | E112: =F113/0.15 -> 3.3333333 | F112: 7.7 | H112: =C112*E112*F112 -> 25.666667
C113: 1 | D113: x | E113: =F112/0.15 -> 51.333333 | F113: 0.5 | H113: =C113*E113*F113 -> 25.666667
G114: =G110+G111 -> 0 | H114: =SUM(H110:H113) -> 791.81333 | I114: =SUM(I109:I110) -> 0 | J114: =SUM(J109:J110) -> 0 | K114: =SUM(K109:K110) -> 0 | L114: =SUM(L109:L110) -> 0
B115: Extra 10% | G115: =G114*0.1 -> 0 | H115: =H114*0.1 -> 79.181333 | I115: =I114*0.1 -> 0 | J115: =J114*0.1 -> 0 | K115: =K114*0.1 -> 0 | L115: =L114*0.1 -> 0
G116: =SUM(G110:G111) -> 0 | H116: =SUM(H114:H115) -> 870.99467 | I116: =SUM(I114:I115) -> 0 | J116: =SUM(J114:J115) -> 0 | K116: =SUM(K114:K115) -> 0 | L116: =SUM(L114:L115) -> 0
B117: Kg | G117: 0.222 | H117: 0.617 | I117: 0.888 | J117: 1.58 | K117: =K116/6 -> 0 | L117: =L116/6 -> 0
B118: Total | G118: =G116*G117 -> 0 | H118: =H116*H117 -> 537.40371 | I118: =I116*I117 -> 0 | J118: =J116*J117 -> 0
B120: 3&4 th Floor
A121: 3 | B121: Column
B122: C1 | C122: 3 | D122: x | E122: 12 | F122: 2.8 | K122: =C122*E122*F122 -> 100.8
C123: 3 | D123: x | E123: 18 | F123: 1.35 | G123: =C123*E123*F123 -> 72.9
C124: 3 | D124: x | E124: 18 | F124: 1.2 | G124: =C124*E124*F124 -> 64.8
C125: 3 | D125: x | E125: 18 | F125: 1 | G125: =C125*E125*F125 -> 54
B126: C2 | C126: 5 | D126: x | E126: 10 | F126: 2.8 | J126: =C126*E126*F126 -> 140
C127: 5 | D127: x | E127: 18 | F127: 1.2 | G127: =C127*E127*F127 -> 108
C128: 5 | D128: x | E128: 18 | F128: 1 | G128: =C128*E128*F128 -> 90
G129: =SUM(G122:G128) -> 389.7 | H129: =SUM(H122:H128) -> 0 | I129: =SUM(I122:I128) -> 0 | J129: =SUM(J122:J128) -> 140 | K129: =SUM(K122:K128) -> 100.8 | L129: =SUM(L122:L128) -> 0
B130: Extra 10% | G130: =G129*0.1 -> 38.97 | H130: =H129*0.1 -> 0 | I130: =I129*0.1 -> 0 | J130: =J129*0.1 -> 14 | K130: =K129*0.1 -> 10.08 | L130: =L129*0.1 -> 0
G131: =SUM(G129:G130) -> 428.67 | H131: =SUM(H129:H130) -> 0 | I131: =SUM(I129:I130) -> 0 | J131: =SUM(J129:J130) -> 154 | K131: =SUM(K129:K130) -> 110.88 | L131: =SUM(L129:L130) -> 0
...
